 Dungeon Crawl Stone Soup version 0.30-a0-533-g4794bfbd1c (webtiles) character file.

Game seed: 6202476058108868082

99049 MackTheKnife the Thaumaturge (level 16, -11/130 HPs)
             Began as a Djinni Venom Mage on Dec 24, 2022.
             Was a Priest of Ashenzari.
             Constricted to death by Jorgrun (13 damage)
             ... on level 1 of the Snake Pit.
             The game lasted 01:15:04 (26496 turns).

MackTheKnife the Thaumaturge (Djinni Venom Mage)   Turns: 26496, Time: 01:15:04

Health: -11/130    AC:  7    Str:  7    XL:     16   Next: 75%
Gold:   1530       EV: 17    Int: 34    God:    Ashenzari [***...] SH: 11 Dex: 17

rFire   + + .      SeeInvis +    C - +6 short sword of Patterns {vamp, rElec rN+, short}
rCold   . . .      Faith    .    t - +0 buckler
rNeg    + . .      Spirit   .    R - +1 troll leather armour {Snorg}
rPois   ∞          Reflect  +    w - +0 hat "Cursed Burden" {Int+3, Fort, Self} (curse)
rElec   +          Harm     .    r - +0 cloak of Ashenzari's Portent {Stlth+, Self, Melee} (curse)
rCorr   .          Rampage  .    (no gloves)
Will    +....      Clarity  +    (boots unavailable)
Stlth   +++++                    j - amulet of Desmomancy {Reflect +Inv Int+3 SH+5, Cun, Self} (curse)
HPRegen 1.21/turn                y - ring of Desmomancy {Int+6, Range, Self} (curse)
MPRegen 0.00/turn                O - ring "I Foresaw This" {rC+, Evo, Cun} (curse)

@: grasped by roots, flying, constricted
A: sickness immunity, fire resistance 2, cold vulnerability 1, float, innate
caster, HP casting, extra vitality 1
a: Renounce Religion, Evoke Invisibility, Curse Item, Shatter the Chains


You were on level 1 of the Snake Pit.
You worshipped Ashenzari.
Ashenzari was most pleased with you.
You visited 5 branches of the dungeon, and saw 24 of its levels.
You also visited: Sewer and Bailey.

You collected 2334 gold pieces.
You spent 804 gold pieces at shops.


Innate Abilities, Weirdness & Mutations

You are immune to sickness and miasma.
You are immune to poison.
Your flesh is very heat resistant. (rF++)
You are vulnerable to cold. (rC-)
You float through the air rather than walking.
You learn spells naturally, not from books.
Your magical power is your life essence.
You have superior vitality. (+4 MHP)


   Skills:
 + Level 13.1(17.0) Fighting
 - Level 8.0(9.7) Short Blades
 - Level 0.3(0.9) Staves
 - Level 5.8(7.4) Armour
 - Level 13.0(15.4) Dodging
 - Level 5.6(8.0) Stealth
 - Level 5.0(6.6) Shields
 - Level 13.7(17.6) Spellcasting
 - Level 7.9(9.6) Evocations


You had 16 spell levels left.
You knew the following spells:

 Your Spells              Type           Power      Damage    Failure   Level
a - Sting                 Tmut/Pois      100%       1d8       0%          1
b - Poisonous Vapours     Pois/Air       100%       N/A       0%          2
c - Mephitic Cloud        Conj/Pois/Air  99%        N/A       0%          3
d - Olgreb's Toxic Radia  Pois           99%        N/A       0%          4
e - Freezing Cloud        Conj/Ice/Air   49%        6-21      1%          5
f - Call Imp              Summ           99%        N/A       0%          2
g - Ozocubu's Armour      Ice            99%        N/A       0%          3
h - Call Canine Familiar  Summ           99%        N/A       0%          3
i - Cause Fear            Hex            49%        N/A       0%          4
j - Foxfire               Conj/Fire      100%       2x1d9     0%          1
k - Dispersal             Tloc           49%        N/A       1%          6
Your spell library was empty.

Inventory:

Hand Weapons
 C - the +6 short sword of Patterns (weapon) {vamp, rElec rN+, short}
   (You found it on level 4 of the Dungeon)

   It occasionally heals its wielder for a portion of the damage dealt when it
   wounds a living foe.
   rElec:     It insulates you from electricity.
   rN:        It protects you from negative energy.
Armour
 r - the cursed +0 cloak of Ashenzari's Portent (worn) {Stlth+, Self, Melee}
   (You found it on level 9 of the Dungeon)

   It has a curse which improves the following skills: Introspection: Fighting
   and Spellcasting.
   Melee Combat: Short Blades, Long Blades, Axes, Maces & Flails, Polearms,
   Staves and Unarmed Combat.
 t - a +0 buckler (worn)
   (You took it off a gnoll sergeant on level 12 of the Dungeon)
 w - the cursed +0 hat "Cursed Burden" (worn) {Int+3, Fort, Self}
   (You took it off Gastronok on level 1 of the Lair of Beasts)

   It has a curse which improves the following skills: Fortitude: Armour and
   Shields.
   Introspection: Fighting and Spellcasting.
 R - a +1 troll leather armour (worn) {Snorg}
   (You found it on level 11 of the Dungeon)
Jewellery
 j - the cursed amulet of Desmomancy (around neck) {Reflect +Inv Int+3 SH+5, Cun, Self}
   (You found it on level 5 of the Lair of Beasts)

   [amulet of reflection]

   It reflects blocked missile attacks.
   Int:       It affects your intelligence (+3).
   +Inv:      It lets you turn invisible.
   SH:        It affects your SH (+5).
   It has a curse which improves the following skills: Cunning: Dodging and
   Stealth.
   Introspection: Fighting and Spellcasting.
 y - the cursed ring of Desmomancy (left hand) {Int+6, Range, Self}
   (You found it on level 4 of the Dungeon)

   [ring of intelligence]

   Int:       It affects your intelligence (+6).
   It has a curse which improves the following skills: Ranged Combat: Ranged
   Weapons and Throwing.
   Introspection: Fighting and Spellcasting.
 K - a ring of flight
   (You took it off a kobold in a bailey)
 M - a ring of protection from fire
   (You found it on level 13 of the Dungeon)
 O - the cursed ring "I Foresaw This" (right hand) {rC+, Evo, Cun}
   (You found it on level 14 of the Dungeon)

   [ring of protection from cold]

   rC:        It protects you from cold.
   It has a curse which improves the following skills: Evocations: Evocations.
   Cunning:   Dodging and Stealth.
Wands
 d - a wand of quicksilver (16)
   (You found it on level 6 of the Dungeon)
 e - a wand of polymorph (6)
   (You found it on level 14 of the Dungeon)
 n - a wand of charming (25)
   (You found it on level 7 of the Dungeon)
 x - a wand of flame (61)
   (You found it on level 3 of the Dungeon)
 A - a wand of iceblast (17)
   (You found it on level 5 of the Dungeon)
 I - a wand of mindburst (10)
   (You found it on level 1 of the Lair of Beasts)
 T - a wand of digging (2)
   (You took it off Nergalle on level 11 of the Dungeon)
Scrolls
 a - 3 scrolls of fear
 c - 4 scrolls of enchant armour
 f - a scroll of brand weapon
 h - 10 scrolls of teleportation {@r4}
 k - 6 scrolls of blinking {!r}
 m - 6 scrolls of fog
 F - 2 scrolls of magic mapping {!r}
 Q - a scroll of silence {!r}
 Y - 3 scrolls of immolation {!r!r}
Potions
 b - 2 potions of magic
 g - 8 potions of curing {@q1}
 i - 2 potions of cancellation
 l - 6 potions of heal wounds {@q2}
 o - 6 potions of attraction {!q}
 p - 4 potions of might
 q - 6 potions of mutation {!q}
 s - 3 potions of resistance
 u - 8 potions of haste {@q3}
 z - 2 potions of lignification {!q}
 B - 6 potions of berserk rage {!q}
 J - 2 potions of invisibility
 L - 4 potions of brilliance
 U - a potion of ambrosia
Miscellaneous
 V - a tin of tremorstones (1/2) {throwing}
   (You found it on level 11 of the Dungeon)

Dungeon Overview and Level Annotations

Branches:
Dungeon (15/15) Zot: 25709  Temple (1/1) D:6 Zot: 5900    Lair (5/5) D:9 Zot: 23036
  Swamp (0/4) Lair:3        Snake (1/4) Lair:3 Zot: 5865   Slime (0/5) Lair:5
    Orc (2/2) D:12 Zot: 10622     Elf (0/3) Orc:2        Vaults (0/5) D:14
  Sewer (visited)          Bailey (visited)
 Depths: D:15

Altars:
Ashenzari
Cheibriados
Elyvilon
Fedhas
Gozag
Nemelex Xobeh
Qazlal
Ru
Trog
Uskayaw
Wu Jian
Xom
Zin
The Shining One
Jiyva

Shops:
D:5 :   D:10 [   Orc:2 ***!

Annotations:
D:1 exclusion: downstairs
D:2 Sigmund
D:5 3 runed translucent doors, caveywoolpert's ghost, novice DEEE; kae's ghost, amateur TeFE
D:6 3 runed translucent doors, Raultor's ghost, novice OpTm
D:11 Fannar
D:13 2 transporters, Caekett's ghost, journeyman GnRe
D:15 3 runed translucent doors, exclusion: 2 ice dragons, Ucwof's ghost, journeyman TrCA
Snake:1 Jorgrun
Orc:1 Josephine
Orc:2 exclusion: upstairs

,
#..#,
* #..#
*, ,,
#°§# *
, #§§#
, , {
#§§# *
*
**#§.#
* ,,
#..# *
, *
#§.#
#@§# *
* #..#
* ,, *
#§.# *
* #.§#
* ,
#°g#*
, * ,
**#†§#
* ,
,#§§#
* * ,,
§§§# *
,, ,
..#.)
,,


You could see Jorgrun.


Message History

The naga mage is engulfed in freezing vapours.
You kill the naga mage! 😕 HP[+1]
You start resting. 😎 HP[+3]
Your hp is fully restored (130).
You start waiting.
A black mamba comes into view.
Casting: Freezing Cloud (safe; 1% risk of failure)
Confirm with . or Enter, or press ? or * to list all spells.
Aiming: Freezing Cloud (safe; 1% risk of failure)
Press: ? - help, Dir - move target The black mamba hisses angrily.
The black mamba is engulfed in freezing vapours. x2
The black mamba seems to slow down. 😕 HP[-3]
You take 3 damage, and now have 127/130 hp.
The black mamba is engulfed in freezing vapours. 😕 HP[+1]
The black mamba is engulfed in freezing vapours.
The black mamba seems to slow down. 😕 HP[+1]
The black mamba is engulfed in freezing vapours.
The black mamba seems to slow down. 😎 HP[+1]
Your hp is fully restored (130).
You hit the black mamba.
The black mamba is engulfed in freezing vapours.
The black mamba seems to slow down.
You kill the black mamba!
Really fly into that cloud of freezing vapour?
Okay, then.
You start waiting.
Jorgrun Earthshaker comes into view.
He is wielding a +0 vorpal quarterstaff.
Casting: Freezing Cloud (safe; 1% risk of failure)
Confirm with . or Enter, or press ? or * to list all spells.
Aiming: Freezing Cloud (safe; 1% risk of failure)
Press: ? - help, Dir - move target Jorgrun shouts!
Jorgrun is engulfed in freezing vapours.
Jorgrun casts a spell at you.
You are slowing down. 😕 HP[-3]
You take 3 damage, and now have 127/130 hp.
Unknown command.
You can't go up here!
Really fly into that cloud of freezing vapour?
You are engulfed in freezing vapours.
Jorgrun is engulfed in freezing vapours.
Jorgrun points at you and mumbles some strange words.
Your limbs have turned to stone.
You have turned to stone.
You are engulfed in freezing vapours.
Jorgrun is engulfed in freezing vapours.
You are engulfed in freezing vapours.
Jorgrun is engulfed in freezing vapours.
You are engulfed in freezing vapours.
Jorgrun is engulfed in freezing vapours.
You are engulfed in freezing vapours.
Jorgrun is engulfed in freezing vapours.
You are engulfed in freezing vapours.
Jorgrun is engulfed in freezing vapours.
You are engulfed in freezing vapours.
* * * LOW HITPOINT WARNING * * *
Jorgrun gestures next to you while chanting.
The wall shatters!
The blast of rock fragments hits you!!!
* * * LOW HITPOINT WARNING * * *
You hear a shout! x4
You are engulfed in freezing vapours.
* * * LOW HITPOINT WARNING * * *
Jorgrun hits you with a +0 vorpal quarterstaff!
* * * LOW HITPOINT WARNING * * *
x2 You turn to flesh and can move again.
There is a staircase back to the Lair here.
Unknown command. 😱 HP[-96]
You take 96 damage, and now have 31/130 hp.
MASSIVE DAMAGE!! (PAUSE) Unknown command.
Unknown command.
Unknown command.
Unknown command.
Casting: Freezing Cloud (safe; 1% risk of failure)
Confirm with . or Enter, or press ? or * to list all spells.
Okay, then.
Unknown command.
Unknown command.
Casting: Freezing Cloud (safe; 1% risk of failure)
Confirm with . or Enter, or press ? or * to list all spells.
Casting: Dispersal (mildly dangerous; 1% risk of failure)
Press: ? - help, Dir - look around, f - activate Jorgrun blinks!
* * * LOW HITPOINT WARNING * * *
You are engulfed in freezing vapours.
* * * LOW HITPOINT WARNING * * *
Jorgrun is engulfed in freezing vapours.
Jorgrun points at you and mumbles some strange words.
Roots burst forth from the earth!
The grasping roots grab you! The grasping roots constrict you!
You die...

Skill      XL: |  1  2  3  4  5  6  7  8  9 10 11 12 13 14 15 16 |
---------------+-------------------------------------------------+-----
Fighting       | 1 4 7 9 12 13 | 13.1
Spellcasting   | 3 4 5 6 7 9 11 13 | 13.7
Dodging        | 5 8 11 13 | 13.0
Short Blades   | 5 8 |  8.0
Stealth        | 3 5 |  5.6
Evocations     | 5 6 7 |  7.9
Armour         | 5 |  5.8
Shields        | 5 |  5.0
Staves         | |  0.3

Action                   |  1- 3 |  4- 6 |  7- 9 | 10-12 | 13-15 | 16-18 || total
-------------------------+-------+-------+-------+-------+-------+-------++-------
Melee: Dagger            |       |     7 |       |       |       |       ||     7
       Short sword       |       |    47 |   100 |   296 |   443 |   147 ||  1033
       Punch             |       |       |     2 |     3 |     8 |     3 ||    16
       Lajatang          |       |       |       |       |       |    11 ||    11
 Fire: Sling             |    16 |    15 |       |       |       |       ||    31
 Cast: Sting             |    33 |    25 |     1 |     3 |       |       ||    62
       Poisonous Vapours |     6 |    38 |     9 |    16 |     2 |       ||    71
       Call Imp          |       |     5 |     9 |    15 |    11 |     1 ||    41
       Mephitic Cloud    |       |     3 |    13 |    18 |     3 |       ||    37
       Olgreb's Toxic Ra |       |       |    26 |    38 |    79 |    31 ||   174
       Ozocubu's Armour  |       |       |     2 |     8 |    15 |     7 ||    32
       Foxfire           |       |       |     7 |     1 |     1 |       ||     9
       Call Canine Famil |       |       |     7 |    19 |    28 |    13 ||    67
       Freezing Cloud    |       |       |       |       |   138 |    56 ||   194
       Dispersal         |       |       |       |       |     1 |     1 ||     2
Invok: Curse Item        |       |       |       |     1 |     5 |     2 ||     8
       Shatter the Chain |       |       |       |       |     2 |     1 ||     3
Evoke: Wand              |       |       |     7 |     5 |    19 |     6 ||    37
       Tin of tremorston |       |       |       |       |       |     2 ||     2
  Use: Scroll            |       |    12 |     5 |     9 |       |     3 ||    29
       Potion            |       |       |     2 |       |     1 |       ||     3
 Stab: Sleeping          |       |     2 |     3 |     1 |     1 |       ||     7
       Confused          |       |     1 |     2 |     9 |     3 |       ||    15
       Distracted        |       |       |       |     2 |     4 |     1 ||     7
Armor: Robe              |     4 |    17 |    22 |    21 |       |       ||    64
       Leather armour    |     4 |     2 |       |       |       |       ||     6
       Steam dragon scal |       |       |       |    14 |    28 |       ||    42
       Troll leather arm |       |       |       |       |    16 |    14 ||    30
Dodge: Dodged            |    20 |    24 |    75 |   260 |   235 |    97 ||   711
Block: Other             |       |       |       |       |    29 |    22 ||    51
       Reflection        |       |       |       |       |     5 |    15 ||    20
       Buckler           |       |       |       |       |       |    15 ||    15

Levels and vault maps discovered:
D:1:      dpeg_arrival_water_temple_mockup, layout_loops_ring,
          hellmonk_ecumenical_altar_arch_garden
D:2:      layout_loops_corners, basic_altar, uniq_sigmund, uniq_jessica
D:3:      minmay_wonky_spiral, layout_basic
D:4:      kennysheep_big_flooded_room, layout_rooms,
          mainiacjoe_overflow_alcove_2, kennysheep_diamond
D:5:      gammafunk_steamed_eel, layout_gridville, gammafunk_ghost_cemetery,
          serial_demonic, serial_demonic_b, serial_demonic_c, serial_demonic_e,
          serial_demonic_g, serial_demonic_g, serial_shops, shop,
          gup_sewer_entry_pipe, chequers_serial_rivers_micro_d
D:6:      layout_basic, minmay_temple_entry_mini_moons, gammafunk_ghost_split
D:7:      layout_basic, uniq_joseph, uniq_duvessa
D:8:      old_forge, layout_basic, minmay_misc_feat_roman,
          kb_lookout_dungeons_type, uniq_pikel, uniq_grum
D:9:      layout_roguey, chequers_temple_overflow_statue_of_worship,
          minmay_lair_entry_grove, hangedman_abyss_or_decor_clamps
D:10:     layout_basic, grunt_temple_overflow_octagram, enter_bailey_3,
          serial_shops, nicolae_square_shop, serial_curves, eino_curves_03,
          eino_curves_02, grunt_ministairs_12, serial_bayou_crossing, uniq_lodul
D:11:     minmay_chambers_of_sixes, layout_long_grid,
          chequers_serial_rivers_small_b, grunt_ministairs_11, uniq_nergalle,
          uniq_amaemon, uniq_snorg, uniq_fannar
D:12:     layout_loops_ring, erik_orc_4, slow_altar_2, uniq_psyche, uniq_kirke
D:13:     layout_layer_cave, gammafunk_ghost_berserking_beasts
D:14:     layout_long_grid, david_vaults_4, elyvilon_altar_3,
          minmay_door_square, minivault_15
D:15:     grunt_enter_depths_hoard, layout_loops_ring,
          maelrawn_ghost_gauntlet_escape, minmay_three_doors
Temple:   bh_familiar_temple
Lair:1:   layout_roguey, basic_altar, uniq_gastronok, uniq_maggie
Lair:2:   layout_hall_layers, uniq_harold
Lair:3:   layout_long_grid, nicolae_swamp_entry_splash_gauntlet,
          minmay_snake_entry_six_corridors
Lair:4:   layout_gridlike, chequers_serial_rivers_small_3, grunt_megastairs_4
Lair:5:   evilmike_catoblepas_cave, layout_misc_corridors,
          nicolae_slime_entry_slimehenge
Snake:1:  onia_ninara_swampy_vault, layout_onion_interference, uniq_asterion,
          uniq_jorgrun, uniq_rupert, uniq_nikola
Orc:1:    layout_diamond_mine, ebering_ghost_gozag, uniq_josephine, uniq_erolcha
Orc:2:    st_orc_town, layout_diamond_mine

Notes
Turn   | Place    | Note
-------+----------+-------------------------------------------
     0 | D:1      | MackTheKnife the Djinni Venom Mage began the quest for the
                  | Orb.
     0 | D:1      | MackTheKnife set off with the following spells memorised:
                  | Sting, Poisonous Vapours, Mephitic Cloud, Olgreb's Toxic
                  | Radiance.
     0 | D:1      | Reached XP level 1. HP: 15/15 MP: 0/0
     0 | D:1      | magus.rc [v1.9.6]
   311 | D:1      | Found a faded altar of an unknown god.
   347 | D:1      | Reached skill level 1 in Fighting
   347 | D:1      | Reached XP level 2. HP: 17/22 MP: 0/0
   837 | D:2      | Reached XP level 3. HP: 15/27 MP: 0/0
   837 | D:2      | Learned a level 1 spell: Foxfire
   990 | D:2      | Noticed Sigmund
  1498 | D:2      | Noticed Jessica
  1517 | D:2      | Killed Jessica
  1518 | D:2      | Reached skill level 3 in Spellcasting
  1518 | D:2      | Reached XP level 4. HP: 10/33 MP: 0/0
  2951 | D:4      | Found a stormy altar of Qazlal.
  3024 | D:4      | Reached XP level 5. HP: 36/38 MP: 0/0
  3024 | D:4      | Learned a level 2 spell: Call Imp
  3024 | D:4      | magus.rc [v1.9.6]
  3035 | D:4      | Reached skill level 4 in Spellcasting
  3161 | D:4      | Found a sacrificial altar of Ru.
  3166 | D:4      | Identified the +6 short sword of Patterns {vamp, rElec rN+}
  3173 | D:4      | magus.rc [v1.9.6]
  3437 | D:4      | Reached XP level 6. HP: 34/43 MP: 0/0
  3589 | D:4      | Reached skill level 5 in Spellcasting
  3990 | D:5      | Entered Level 5 of the Dungeon
  4019 | D:5      | Found Gawy's Book Emporium.
  4068 | D:5      | Reached XP level 7. HP: 48/48 MP: 0/0
  4068 | D:5      | Learned a level 3 spell: Ozocubu's Armour
  4068 | D:5      | Found a glowing drain.
  4096 | Sewer    | Entered a sewer
  4344 | Sewer    | Reached skill level 6 in Spellcasting
  4781 | D:5      | Noticed a steam dragon
  4787 | D:5      | Killed a steam dragon
  4788 | D:5      | Reached XP level 8. HP: 45/53 MP: 0/0
  4847 | D:5      | Found a runed translucent gate.
  4847 | D:5      | Found a runed translucent gate.
  4847 | D:5      | Found a runed translucent gate.
  4851 | D:5      | Noticed kae's ghost (amateur TeFE)
  4851 | D:5      | Noticed caveywoolpert's ghost (novice DEEE)
  4869 | D:5      | Reached skill level 2 in Fighting
  4950 | D:5      | Reached skill level 3 in Dodging
  4965 | D:5      | Reached skill level 3 in Fighting
  5227 | D:5      | Found a transporter.
  5293 | D:5      | Found a transporter.
  5336 | D:5      | Reached skill level 4 in Dodging
  5378 | D:5      | Reached skill level 4 in Fighting
  5697 | D:6      | Reached skill level 5 in Dodging
  5698 | D:6      | Reached XP level 9. HP: 63/63 MP: 0/0
  5698 | D:6      | Learned a level 3 spell: Call Canine Familiar
  5865 | D:6      | You are sucked into a shaft and drop 3 floors!
  5872 | D:9      | Noticed a two-headed ogre
  5878 | D:9      | HP: 11/64 [two-headed ogre/+0 giant club (12)]
  6106 | D:8      | Reached skill level 5 in Fighting
  6250 | D:8      | Reached skill level 6 in Dodging
  6452 | D:8      | Noticed Pikel
  6484 | D:8      | Killed Pikel
  6485 | D:8      | Reached skill level 6 in Fighting
  6485 | D:8      | Reached skill level 7 in Dodging
  6515 | D:8      | Noticed Grum
  6524 | D:8      | Killed Grum
  6537 | D:8      | Reached skill level 7 in Fighting
  6605 | D:8      | Reached skill level 8 in Dodging
  6779 | D:7      | Reached XP level 10. HP: 66/75 MP: 0/0
  6920 | D:7      | Reached skill level 7 in Spellcasting
  7379 | D:7      | Noticed Dowan
  7707 | D:8      | Reached skill level 1 in Short Blades
  7752 | D:8      | Reached skill level 2 in Short Blades
  7850 | D:8      | Reached skill level 3 in Short Blades
  8033 | D:8      | Reached skill level 4 in Short Blades
  8234 | D:9      | Reached skill level 5 in Short Blades
  8243 | D:9      | Reached skill level 2 in Stealth
  8259 | D:9      | Reached skill level 3 in Stealth
  8454 | D:9      | Reached XP level 11. HP: 58/79 MP: 0/0
  8454 | D:9      | Learned a level 4 spell: Cause Fear
  8461 | D:9      | Reached skill level 6 in Short Blades
  8464 | D:9      | Found a staircase to the Lair.
  8526 | D:9      | Killed a two-headed ogre
  8527 | D:9      | Reached skill level 4 in Stealth
  8722 | D:9      | Found a bloodstained altar of Trog.
  8722 | D:9      | Found a sacrificial altar of Ru.
  8722 | D:9      | Found a glowing golden altar of the Shining One.
  8824 | D:9      | Reached skill level 5 in Stealth
  8998 | D:9      | Reached skill level 7 in Short Blades
  9111 | D:7      | Noticed Duvessa
  9114 | D:7      | Killed Dowan
  9127 | D:7      | Killed Duvessa
  9297 | D:7      | Noticed Joseph
  9305 | D:7      | Killed Joseph
  9393 | D:6      | Found a staircase to the Ecumenical Temple.
  9402 | Temple   | Entered the Ecumenical Temple
  9457 | Temple   | Became a worshipper of Ashenzari the Shackled
  9787 | D:6      | Found a runed translucent gate.
  9788 | D:6      | Found a runed translucent gate.
  9790 | D:6      | Noticed Raultor's ghost (novice OpTm)
  9792 | D:6      | Found a runed translucent gate.
  9792 | D:6      | Noticed a manticore
  9792 | D:6      | Noticed a two-headed ogre
 10144 | Lair:1   | Entered Level 1 of the Lair of Beasts
 10167 | Lair:1   | Found a glowing silver altar of Zin.
 10169 | Lair:1   | Noticed Gastronok
 10200 | Lair:1   | Killed Gastronok
 10201 | Lair:1   | Reached skill level 2 in Evocations
 10609 | Lair:1   | Reached skill level 8 in Short Blades
 10609 | Lair:1   | Reached skill level 3 in Evocations
 10721 | Lair:1   | Reached skill level 4 in Evocations
 10854 | Lair:1   | Reached skill level 5 in Evocations
 10933 | Lair:1   | Noticed Maggie
 11051 | Lair:1   | Reached XP level 12. HP: 85/85 MP: 0/0
 11066 | Lair:1   | Killed Maggie
 11080 | Lair:1   | Reached skill level 6 in Evocations
 11468 | Lair:2   | Noticed Harold
 11479 | Lair:2   | Reached skill level 1 in Armour
 11480 | Lair:2   | Reached skill level 2 in Armour
 11486 | Lair:2   | Killed Harold
 11487 | Lair:2   | Reached skill level 3 in Armour
 11491 | Lair:2   | Reached skill level 4 in Armour
 11574 | Lair:2   | Reached skill level 5 in Armour
 11954 | Lair:2   | Noticed a death yak
 11954 | Lair:2   | Noticed a death yak
 11956 | Lair:2   | Noticed a death yak
 11960 | Lair:2   | Noticed a death yak
 11965 | Lair:2   | Reached skill level 8 in Spellcasting
 11970 | Lair:2   | Killed a death yak
 11972 | Lair:2   | Noticed a death yak
 11997 | Lair:2   | Killed a death yak
 11997 | Lair:2   | Killed a death yak
 11998 | Lair:2   | Reached skill level 9 in Spellcasting
 12002 | Lair:2   | Killed a death yak
 12007 | Lair:2   | Killed a death yak
 12008 | Lair:2   | Reached XP level 13. HP: 67/92 MP: 0/0
 12008 | Lair:2   | Learned a level 5 spell: Freezing Cloud
 12296 | Lair:2   | Reached skill level 10 in Spellcasting
 12435 | Lair:3   | Reached * piety under Ashenzari
 12461 | Lair:3   | magus.rc [v1.9.6]
 12499 | Lair:3   | Found a staircase to the Snake Pit.
 12590 | Lair:3   | Reached skill level 11 in Spellcasting
 13063 | Lair:3   | Found a staircase to the Swamp.
 13462 | Lair:3   | Noticed a four-headed hydra
 13470 | Lair:3   | Killed a four-headed hydra
 13610 | Lair:3   | Reached skill level 8 in Fighting
 13692 | Lair:3   | Reached ** piety under Ashenzari
 13964 | Lair:4   | Noticed a six-headed hydra
 13972 | Lair:4   | Killed a six-headed hydra
 13998 | Lair:4   | Reached skill level 9 in Fighting
 13998 | Lair:4   | Reached XP level 14. HP: 98/105 MP: 0/0
 14083 | Lair:4   | Reached skill level 10 in Fighting
 14210 | Lair:4   | Identified the Tractate on Damaging Venom (You found it on
                  | level 7 of the Dungeon)
 14416 | Lair:4   | Reached *** piety under Ashenzari
 14448 | Lair:4   | Reached skill level 11 in Fighting
 15011 | Lair:5   | Entered Level 5 of the Lair of Beasts
 15385 | Lair:5   | Reached skill level 12 in Fighting
 15604 | Lair:5   | Found a staircase to the Slime Pits.
 15605 | Lair:5   | Found a viscous altar of Jiyva.
 15679 | Lair:5   | Reached skill level 9 in Dodging
 15878 | Lair:5   | Reached skill level 10 in Dodging
 16125 | Lair:5   | Reached skill level 11 in Dodging
 16125 | Lair:5   | Reached XP level 15. HP: 118/123 MP: 0/0
 16125 | Lair:5   | Learned a level 6 spell: Dispersal
 16586 | Lair:5   | Identified the amulet "Nuedin" {Reflect +Inv Int+3 SH+5}
 16724 | Lair:5   | Reached skill level 12 in Dodging
 17193 | D:10     | Entered Level 10 of the Dungeon
 17220 | D:10     | Found a flagged portal.
 17232 | Bailey   | Entered a bailey
 17247 | Bailey   | magus.rc [v1.9.6]
 17283 | Bailey   | Found the +5 robe of Night {Dark Will+ SInv}
 17362 | Bailey   | Identified the +1 leather armour of the Bard {+Blink}
 17422 | Bailey   | magus.rc [v1.9.6]
 17530 | Bailey   | Identified the Lessons on Voltaic Guile
 17704 | D:10     | magus.rc [v1.9.6]
 17731 | D:10     | Noticed Lodul
 17737 | D:10     | Killed Lodul
 17747 | D:10     | magus.rc [v1.9.6]
 18028 | D:10     | Found Tybus's Armour Boutique.
 18141 | D:10     | Reached skill level 13 in Dodging
 18264 | D:10     | Found an opulent altar of Gozag.
 18275 | D:10     | Found a blossoming altar of Fedhas.
 18282 | D:10     | Found an ornate altar of the Wu Jian Council.
 18304 | D:10     | Found a glowing silver altar of Zin.
 18309 | D:10     | Found a snail-covered altar of Cheibriados.
 18707 | D:10     | Found a sparkling altar of Nemelex Xobeh.
 18719 | D:10     | Found a shimmering altar of Xom.
 18843 | D:11     | Noticed Fannar
 19060 | D:11     | Reached skill level 12 in Spellcasting
 19061 | D:11     | Noticed Snorg
 19068 | D:11     | Killed Snorg
 19823 | D:11     | Noticed Nergalle
 19836 | D:11     | Killed Nergalle
 19968 | D:11     | Noticed Amaemon
 19977 | D:11     | Killed Amaemon
 20647 | D:12     | Noticed Psyche
 20652 | D:12     | Killed Psyche
 20888 | D:12     | Found a staircase to the Orcish Mines.
 21018 | D:12     | Reached skill level 13 in Spellcasting
 21180 | D:12     | Found a snail-covered altar of Cheibriados.
 21180 | D:12     | Noticed Kirke
 21192 | D:12     | Killed Kirke
 21398 | Orc:1    | Entered Level 1 of the Orcish Mines
 21490 | Orc:2    | Entered Level 2 of the Orcish Mines
 21682 | Orc:2    | Found a staircase to the Elven Halls.
 21699 | Orc:1    | Noticed Josephine
 21939 | Orc:2    | Reached XP level 16. HP: 113/128 MP: 0/0
 22074 | Orc:2    | Found Tot Gytz's Assorted Antiques.
 22074 | Orc:2    | Found Cuol's General Store.
 22079 | Orc:2    | Bought a dyed leather armour for 105 gold pieces
 22265 | Orc:2    | Found Fuasch's Distillery.
 22265 | Orc:2    | Found Rosch's General Store.
 22327 | Orc:2    | Bought a scroll of enchant weapon for 75 gold pieces
 22327 | Orc:2    | Bought a potion of heal wounds for 50 gold pieces
 22353 | Orc:2    | Bought a potion of mutation for 104 gold pieces
 22353 | Orc:2    | Bought a potion of mutation for 104 gold pieces
 22353 | Orc:2    | Bought a potion of mutation for 104 gold pieces
 22389 | Orc:2    | Bought a scroll of enchant weapon for 105 gold pieces
 22398 | Orc:2    | Bought a scroll of magic mapping for 157 gold pieces
 22908 | D:13     | Noticed Caekett's ghost (journeyman GnRe)
 22940 | D:13     | Found a transporter.
 23829 | D:13     | Found a transporter.
 23847 | D:13     | Identified the ring "Zilizy Utos" {EV+4 Dex+4}
 23847 | D:13     | Identified the +4 pair of boots "Mauc" {-Tele rPois Will+
                  | Slay+2}
 23909 | D:14     | Identified the Codex of Supportive Envenoming
 24021 | D:14     | Reached skill level 7 in Evocations
 24295 | D:14     | Found a gate to the Vaults.
 24551 | D:14     | Found a white marble altar of Elyvilon.
 24980 | D:15     | Entered Level 15 of the Dungeon
 25101 | D:15     | Reached skill level 1 in Shields
 25257 | D:15     | Reached skill level 2 in Shields
 25266 | D:15     | Reached skill level 3 in Shields
 25395 | D:15     | Noticed a sphinx
 25402 | D:15     | Killed a sphinx
 25403 | D:15     | Reached skill level 4 in Shields
 25485 | D:15     | Noticed Ucwof's ghost (journeyman TrCA)
 25519 | D:15     | Found a runed translucent gate.
 25519 | D:15     | Found a runed translucent gate.
 25519 | D:15     | Found a runed translucent gate.
 25815 | D:15     | HP: 32/129 [centaur warrior (9)]
 25938 | D:15     | Reached skill level 5 in Shields
 26360 | Snake:1  | Entered Level 1 of the Snake Pit
 26459 | Snake:1  | Reached skill level 13 in Fighting
 26486 | Snake:1  | Noticed Jorgrun
 26495 | Snake:1  | HP: 32/130 [Jorgrun/+0 vorpal quarterstaff (5)]
 26496 | Snake:1  | HP: 1/130 [cloud of freezing vapour (24)]
 26496 | Snake:1  | Constricted to death by Jorgrun

Vanquished Creatures
  Kirke (D:12)
  A sphinx (D:15)
  Gastronok (Lair:1)
  An ettin (D:14)
  Harold (Lair:2)
  3 hydras
  2 catoblepae (Lair:5)
  6 two-headed ogres
  A centaur warrior (D:15)
  A boulder beetle (D:15)
  An anaconda (Snake:1)
  10 death yaks
  A naga sharpshooter (Snake:1)
  Amaemon (D:11)
  An iron troll (D:14)
  Lodul (D:10)
  An orange crystal statue (D:14)
  Pikel (D:8)
  9 orc knights
  2 deep elf pyromancers
  3 mana vipers (Snake:1)
  5 ugly things
  4 cyclopes
  A salamander (shapeshifter) (D:14)
  7 manticores
  26 elephants
  Joseph (D:7)
  10 black mambas
  2 naga magi (Snake:1)
  6 cane toads
  2 gargoyles (D:12)
  An unseen horror (D:11)
  Psyche (D:12)
  3 efreet
  A torpor snail (Lair:4)
  Maggie (Lair:1)
  An orange demon (D:11)
  5 komodo dragons
  A kobold demonologist (D:10)
  A freezing wraith (D:12)
  2 tengu conjurers (D:14)
  4 rime drakes
  3 trolls
  A hornet (shapeshifter) (D:14)
  2 polar bears
  3 slime creatures (D:12)
  14 blink frogs
  11 dream sheep
  4 wyverns
  A vampire (D:11)
  6 basilisks
  52 yaks
  A golden eye (shapeshifter) (D:15)
  2 hogs (D:12)
  2 steam dragons
  Grum (D:8)
  8 vampire mosquitoes
  3 wargs (Orc:2)
  2 acid dragons (D:11)
  17 water moccasins
  3 swamp worms (Lair:3)
  Duvessa (D:7)
  A sky beast (D:7)
  2 black bears
  39 orc warriors
  12 ogres
  19 wolves
  10 centaurs
  2 lemures (D:8)
  2 phantoms (D:5)
  4 kobold brigands
  7 bullfrogs
  2 gnoll sergeants
  5 scorpions
  Dowan (D:7)
  A wight (D:8)
  16 killer bees
  4 howler monkeys
  6 electric eels
  4 jellies
  13 orc priests
  3 hounds
  A quasit (D:5)
  A gnoll bouda (D:7)
  Jessica (D:2)
  3 iguanas
  15 orc wizards
  A mummy (D:12)
  6 adders
  12 gnolls
  5 river rats (Sewer)
  A shadow imp (D:3)
  3 white imps
  An ufetubus (D:5)
  2 worms (D:2)
  2 dart slugs
  65 orcs
  9 bats
  6 endoplasms
  4 giant cockroaches (D:5)
  9 goblins
  9 hobgoblins
  4 jackals
  9 quokkas
  10 ball pythons
  2 frilled lizards
  41 kobolds
  23 rats
669 creatures vanquished.

Vanquished Creatures (collateral kills)
  Snorg (D:11)
  A hydra (Lair:5)
  A vault guard (D:14)
  A catoblepas (Lair:5)
  3 death yaks
  Nergalle (D:11)
  A bog body (Lair:3)
  3 ugly things
  2 black mambas
  An elephant (Lair:4)
  A cane toad (shapeshifter) (D:11)
  A cane toad (Lair:1)
  A rime drake (Lair:5)
  A polar bear (shapeshifter) (D:11)
  A polar bear (Lair:4)
  A hornet (D:9)
  2 dream sheep
  A blink frog (Lair:5)
  4 yaks
  3 hogs (D:12)
  3 wyverns
  A wraith (D:12)
  A steam dragon (D:5)
  2 vampire mosquitoes (D:12)
  2 wargs (Orc:2)
  3 water moccasins
  A black bear (D:7)
  An ice beast (D:6)
  2 ogres
  A wolf (D:8)
  2 centaurs
  A kobold brigand (D:8)
  A scorpion (D:8)
  2 wights (D:8)
  5 killer bees (D:9)
  A jelly (D:6)
  An orc priest (D:12)
  3 iguanas
  3 orc wizards
  3 adders (D:8)
  A shadow imp (D:7)
  5 orcs
  An endoplasm (D:4)
  A hobgoblin (D:12)
  9 kobolds (D:8)
87 creatures vanquished.

Vanquished Creatures (others)
  A deep elf pyromancer (D:13)
  A mana viper (Snake:1)
  2 demonic plants (D:5)
  15 foxfires
  33 fungi
  79 plants
  6 withered plants (D:5)
137 creatures vanquished.

Grand Total: 893 creatures vanquished

Table legend:
 A = Non-vault XP
 B = Vault XP
 C = Vault XP percentage of total XP
 D = Non-vault monster count
 E = Vault monster count
 F = Vault count percentage of total count
                 A         B        C        D         E       F
            +---------+---------+-------+---------+---------+-------
      Total |   88554 |   52945 |  37.4 |     459 |     297 |  39.3
            +---------+---------+-------+---------+---------+-------
        D:1 |      16 |       0 |   0.0 |      10 |       0 |   0.0
        D:2 |      38 |      37 |  49.3 |      10 |       1 |   9.1
        D:3 |      45 |       5 |  10.0 |      14 |       2 |  12.5
        D:4 |     286 |       4 |   1.4 |      30 |       2 |   6.2
        D:5 |     829 |     235 |  22.1 |       7 |      13 |  65.0
        D:6 |     958 |       0 |   0.0 |      13 |       0 |   0.0
        D:7 |     701 |     683 |  49.3 |      20 |       3 |  13.0
        D:8 |     679 |    2291 |  77.1 |      28 |      23 |  45.1
        D:9 |    2265 |    1805 |  44.3 |      25 |      10 |  28.6
       D:10 |    3139 |    2767 |  46.9 |      14 |      19 |  57.6
       D:11 |    3178 |    5136 |  61.8 |      23 |      11 |  32.4
       D:12 |    6987 |    3468 |  33.2 |      28 |      25 |  47.2
       D:13 |    2973 |       0 |   0.0 |       9 |       0 |   0.0
       D:14 |    3964 |    3456 |  46.6 |      13 |       5 |  27.8
       D:15 |    7008 |    2544 |  26.6 |      21 |       3 |  12.5
     Temple |      45 |       0 |   0.0 |       1 |       0 |   0.0
     Lair:1 |    3218 |    1835 |  36.3 |      14 |       2 |  12.5
     Lair:2 |   12448 |     873 |   6.6 |      47 |       1 |   2.1
     Lair:3 |    8878 |    4109 |  31.6 |      24 |      14 |  36.8
     Lair:4 |    9366 |    3153 |  25.2 |      29 |       5 |  14.7
     Lair:5 |   13406 |   10999 |  45.1 |      46 |      28 |  37.8
    Snake:1 |    6186 |       0 |   0.0 |      11 |       0 |   0.0
      Orc:1 |     112 |       0 |   0.0 |       1 |       0 |   0.0
      Orc:2 |    1829 |    8081 |  81.5 |      21 |      54 |  72.0
      Sewer |       0 |     334 | 100.0 |       0 |      48 | 100.0
     Bailey |       0 |    1130 | 100.0 |       0 |      28 | 100.0
            +---------+---------+-------+---------+---------+-------

Illustrated notes

Table legend:
 A = Kills in this place as a percentage of kills in entire the game.
 B = Kills by you in this place as a percentage of kills by you in the entire game.
 C = Kills by friends in this place as a percentage of kills by friends in the entire game.
 D = Other kills in this place as a percentage of other kills in the entire game.
 E = Experience gained in this place as a percentage of experience gained in the entire game.
 F = Experience gained in this place divided by the number of levels of this place that you have seen.
                   A       B       C       D       E      F
               +-------+-------+-------+-------+-------+----------------------
         Total | 100.0 | 100.0 | 100.0 | 100.0 | 100.0 | 5442.3
       Dungeon |  50.5 |  47.0 |  74.7 |  60.0 |  39.2 | 3699.8
        Temple |   0.1 |   0.2 |   0.0 |   0.0 |   0.0 |  45.0
          Lair |  27.8 |  28.2 |  23.0 |  35.0 |  48.3 | 13657.0
     Snake Pit |   1.5 |   1.5 |   0.0 |   5.0 |   4.4 | 6186.0
  Orcish Mines |  10.1 |  11.4 |   2.3 |   0.0 |   7.1 | 5011.0
         Sewer |   6.3 |   7.4 |   0.0 |   0.0 |   0.2 | 334.0
        Bailey |   3.7 |   4.3 |   0.0 |   0.0 |   0.8 | 1130.0
               +-------+-------+-------+-------+-------+----------------------

Table legend: (Time is in decaauts)
 A = Elapsed time spent in this place.
 B = Non-inter-level travel time spent in this place.
 C = Inter-level travel time spent in this place.
 D = Time resting spent in this place.
 E = Time spent auto-exploring this place.
 F = Levels seen in this place.
 G = Mean time per level.
                   A        B        C        D        E       F      G
               +--------+--------+--------+--------+--------+-----+--------+
         Total |  26169 |  24731 |   1438 |   5744 |  13808 |  26 | 1006.5 |
       Dungeon |  16494 |  15586 |    908 |   3236 |   9102 |  15 | 1099.6 |
        Temple |     99 |     74 |     25 |     14 |     50 |   1 |   99.0 |
          Lair |   6963 |   6558 |    405 |   2096 |   3324 |   5 | 1392.6 |
     Snake Pit |    133 |    133 |      0 |     58 |     13 |   1 |  133.0 |
  Orcish Mines |   1377 |   1278 |     99 |    131 |    714 |   2 |  688.5 |
         Sewer |    641 |    641 |      0 |     34 |    488 |   1 |  641.0 |
        Bailey |    458 |    458 |      0 |    175 |    117 |   1 |  458.0 |
               +--------+--------+--------+--------+--------+-----+--------+

Top non-repeatable levels by time:
  Lair:5: 1736 daAuts
  Lair:3: 1615 daAuts
     D:8: 1584 daAuts
    D:11: 1462 daAuts
  Lair:4: 1345 daAuts
     D:2: 1267 daAuts
  Lair:1: 1230 daAuts
   Orc:2: 1217 daAuts
    D:10: 1189 daAuts
    D:15: 1168 daAuts
    D:12: 1147 daAuts
    D:13: 1136 daAuts
     D:7: 1095 daAuts
  Lair:2: 1036 daAuts
     D:3: 996 daAuts
